 Dungeon Crawl Stone Soup version 0.28.0-53-g5a82cb258f (webtiles) character file.

Game seed: 11683932920146279888

1533 firemarshallily the Skirmisher (level 8, -3/64 (65) HPs)
             Began as a Demonspawn Gladiator on May 21, 2022.
             Slain by a wight
             ... wielding a +0 halberd
              (10 damage)
             ... on level 7 of the Dungeon.
             The game lasted 00:15:26 (6952 turns).

firemarshallily the Skirmisher (DsGl)               Turns: 6952, Time: 00:15:27

HP:   -3/64 (65)    AC: 17    Str: 15    XL:     8   Next: 55%
MP:   8/8           EV: 11    Int: 10    God:
Gold: 310           SH:  0    Dex: 14    Spells: 6/7 levels left

rFire   . . .      SeeInvis .   a - +1 long sword (vorpal)
rCold   . . .      Faith    .   (no shield)
rNeg    + . .      Spirit   .   f - +0 ring mail
rPois   .          Reflect  .   c - +0 helmet
rElec   .          Harm     .   (no cloak)
rCorr   .          Rampage  .   (no gloves)
Will    .....                   l - +2 pair of boots
Stlth   +.........              (no amulet)
HPRegen 0.20/turn               m - ring of positive energy
MPRegen 0.11/turn               o - +4 ring of protection

@: on berserk cooldown, slowed, lightly drained, very slow
A: icy blue scales 2, ignite blood 1, weakness stinger 2, weak 1
a: no special abilities


You were on level 7 of the Dungeon.
You visited 1 branch of the dungeon, and saw 7 of its levels.

You collected 310 gold pieces.

Inventory:

Hand Weapons
 a - a +1 vorpal long sword (weapon)
Missiles
 d - 4 throwing nets (quivered)
 g - 2 poisoned darts
 i - 179 stones
Armour
 b - a +0 leather armour
 c - a +0 helmet (worn)
 f - a +0 ring mail (worn)
 l - a +2 pair of boots (worn)
 q - a +0 scale mail
Magical Staves
 p - a staff of conjuration
Jewellery
 m - a ring of positive energy (left hand)
 o - a +4 ring of protection (right hand)
 w - an amulet of faith
 B - an amulet of reflection
 C - a ring of willpower
Wands
 u - a wand of iceblast (7)
 x - a wand of paralysis (5)
Scrolls
 e - 4 scrolls of teleportation
 h - 2 scrolls of fog
 j - a scroll of identify
 y - a scroll of blinking
Potions
 n - a potion of heal wounds


   Skills:
 * Level 6.4 Fighting
 * Level 6.2 Long Blades
 - Level 2.0 Throwing
 * Level 5.3 Armour
 - Level 3.0 Dodging


You had 6 spell levels left.
You knew the following spells:

 Your Spells              Type           Power      Damage    Failure   Level
a - Summon Small Mammal   Summ           0%         N/A       56%         1

Your spell library contained the following spells:

 Spells                   Type           Power      Damage    Failure   Level
 Call Canine Familiar     Summ           0%         N/A       91%         3
 Summon Guardian Golem    Hex/Summ       0%         N/A       91%         3
 Animate Dead             Necr           0%         N/A       100%        4
 Haunt                    Necr/Summ      0%         N/A       100%        7
 Infestation              Necr           0%         N/A       100%        8


Dungeon Overview and Level Annotations

Branches:
Dungeon (7/15)             Temple (0/1) D:4

Altars:

Shops:
D:4 [   D:5 *

Annotations:
D:2 Sigmund
D:7 Pikel


Innate Abilities, Weirdness & Mutations

You are mostly covered in icy blue scales. (AC +3)
Your demonic aura sometimes causes spilled blood to erupt in flames.
You have a tail ending in a sharp stinger.
You are weak. (Str -2)


Message History

The wight barely misses you.
You hit the wight.
Your tail-slap misses the wight.
The wight is heavily damaged.
The wight closely misses you. x2
You hit the wight but do no damage.
Your tail-slap misses the wight.
The wight is heavily damaged.
The wight closely misses you. The wight hits you but does no damage.
You completely miss the wight.
The wight is heavily damaged.
The wight barely misses you.
You hit the wight but do no damage.
The wight is heavily damaged.
The wight barely misses you. The wight hits you but does no damage.
You closely miss the wight.
The wight is heavily damaged.
The wight hits you with a +0 halberd.
* * * LOW HITPOINT WARNING * * *
The wight hits you but does no damage.
You barely miss the wight.
The wight is heavily damaged.
The wight closely misses you.
You completely miss the wight.
The wight is heavily damaged.
The wight hits you with a +0 halberd.
* * * LOW HITPOINT WARNING * * *
The wight closely misses you.
You closely miss the wight.
The wight is heavily damaged.
The wight closely misses you.
You closely miss the wight.
The wight is heavily damaged.
The wight hits you with a +0 halberd.
* * * LOW HITPOINT WARNING * * *
You partially resist.
You feel drained.
* * * LOW HITPOINT WARNING * * *
The wight barely misses you.
You closely miss the wight.
The wight is heavily damaged.
The wight hits you with a +0 halberd!
You die...

...# # ...# #. ...
##..#.. #...#..
.......## ......z.#
......)@## .......).##
. ..#....)†)## .
#........## ..
#.........## #..
#..........## ###...
#..)##.......#####.<...
#..# ###.............#.
#.. ###........####


You could see a wight.

Vanquished Creatures
  2 water moccasins
  2 ice beasts
  2 necrophages
  An ogre (D:5)
  A centaur (D:6)
  A phantom (D:5)
  A bullfrog (D:6)
  A scorpion (D:4)
  4 wights (D:7)
  4 hounds
  2 orc priests
  Terence (D:3)
  An orc wizard (D:7)
  3 gnolls (D:3)
  6 adders
  3 white imps (D:6)
  An ufetubus (D:5)
  An adder skeleton (D:4)
  A worm (D:5)
  19 orcs
  3 bats
  4 endoplasms (D:1)
  11 goblins
  5 hobgoblins
  A quokka (D:2)
  A ball python (D:2)
  4 frilled lizards
  7 kobolds
  A rat (D:2)
94 creatures vanquished.

Vanquished Creatures (others)
  8 plants (D:2)
8 creatures vanquished.

Grand Total: 102 creatures vanquished

Notes
Turn   | Place    | Note
-------+----------+-------------------------------------------
     0 | D:1      | firemarshallily the Demonspawn Gladiator began the quest
                  | for the Orb.
     0 | D:1      | Reached XP level 1. HP: 16/16 MP: 1/1
   483 | D:1      | Gained mutation: You have a small tail. [demonic ancestry]
   483 | D:1      | Reached XP level 2. HP: 22/22 MP: 2/2
   968 | D:2      | HP: 1/22 [poisoned by an adder]
  1267 | D:2      | Reached skill level 1 in Armour
  1343 | D:2      | Noticed a howler monkey
  1433 | D:2      | Reached XP level 3. HP: 28/28 MP: 3/3
  1775 | D:2      | Noticed Sigmund
  1853 | D:3      | Gained mutation: You are partially covered in icy blue
                  | scales. (AC +2) [demonic ancestry]
  1853 | D:3      | Reached XP level 4. HP: 13/34 MP: 4/4
  2260 | D:3      | Noticed Terence
  2277 | D:3      | Killed Terence
  2784 | D:4      | Noticed a necrophage
  2846 | D:4      | Noticed a scorpion
  2864 | D:4      | Killed a scorpion
  2865 | D:4      | Gained mutation: You have a tail ending in a sharp stinger.
                  | [demonic ancestry]
  2865 | D:4      | Reached XP level 5. HP: 16/41 MP: 5/5
  3167 | D:4      | Killed a necrophage
  3168 | D:4      | Gained mutation: Your demonic aura sometimes causes spilled
                  | blood to erupt in flames. [demonic ancestry]
  3168 | D:4      | Reached XP level 6. HP: 26/48 MP: 6/6
  3309 | D:4      | Found a staircase to the Ecumenical Temple.
  3688 | D:4      | Found Niveh's Armour Shoppe.
  3936 | D:5      | Entered Level 5 of the Dungeon
  3976 | D:5      | Noticed a water moccasin
  4009 | D:4      | Killed a water moccasin
  4358 | D:5      | Noticed a water moccasin
  4533 | D:5      | Noticed an ice beast
  4536 | D:5      | Gained mutation: You are weak. (Str -2) [potion of
                  | mutation]
  4555 | D:5      | Killed an ice beast
  4556 | D:5      | Reached XP level 7. HP: 49/55 MP: 7/7
  4965 | D:5      | Found Jaferud's Elemental Accessories.
  5012 | D:5      | Learned a level 1 spell: Summon Small Mammal
  5320 | D:5      | Reached skill level 5 in Fighting
  5324 | D:5      | Reached skill level 5 in Long Blades
  5939 | D:6      | Gained mutation: You are mostly covered in icy blue scales.
                  | (AC +3) [demonic ancestry]
  5939 | D:6      | Reached XP level 8. HP: 18/63 MP: 8/8
  6579 | D:6      | Reached skill level 5 in Armour
  6874 | D:7      | Noticed Pikel
  6952 | D:7      | Slain by a wight

Illustrated notes

Levels and vault maps discovered:
D:1:      pf_arrival_petrified_forest, layout_loops_cross
D:2:      layout_basic, serial_bayou_crossing, uniq_crazy_yiuf_cottage,
          uniq_sigmund
D:3:      layout_basic, uniq_terence
D:4:      layout_basic, minmay_temple_entry_ruins, serial_shops, shop,
          nicolae_elevator_lobby_plus
D:5:      nicolae_cairo_tiling, layout_basic, nicolae_elemental_shop,
          minmay_ogre_servants
D:6:      layout_basic
D:7:      layout_layer_cave, grunt_potential, uniq_duvessa, uniq_pikel

Skill      XL: |  1  2  3  4  5  6  7  8 |
---------------+-------------------------+-----
Long Blades    | 3 4 5 6 |  6.2
Armour         | 1 2 3 4 5 |  5.3
Throwing       | 2 |  2.0
Dodging        | 3 |  3.0
Fighting       | 3 4 5 6 |  6.4

Action                   |  1- 3 |  4- 6 |  7- 9 || total
-------------------------+-------+-------+-------++-------
Melee: Long sword        |    93 |   146 |   176 ||   415
       Tailslap          |     5 |    19 |    22 ||    46
       Punch             |       |     4 |     2 ||     6
  Use: Potion            |     1 |     2 |     4 ||     7
       Scroll            |     1 |     4 |    10 ||    15
 Stab: Sleeping          |       |     1 |       ||     1
Armor: Leather armour    |    36 |    51 |       ||    87
       Ring mail         |       |    22 |   119 ||   141
Dodge: Dodged            |    61 |   104 |   144 ||   309
